 Dungeon Crawl Stone Soup version 0.26.1-11-gd32895ea62 (webtiles) character file.

Game seed: 3264629791875233008

4411 Eitelfritz the Grappler (level 10, -6/91 HPs)
             Began as a Troll Gladiator on May 30, 2021.
             Splashed by a brown very ugly thing's acid (12 damage)
             ... on level 8 of the Dungeon.
             The game lasted 00:22:51 (8010 turns).

Eitelfritz the Grappler (Troll Gladiator)           Turns: 8010, Time: 00:22:51

Health: -6/91      AC:  5    Str: 29    XL:     10   Next: 14%
Magic:  9/9        EV: 14    Int:  7    God:
Gold:   889        SH:  0    Dex: 17    Spells: 9/9 levels left

rFire    + . .     SeeInvis .     - Unarmed
rCold    . . .     Faith    .   (no shield)
rNeg     . . .     Spirit   .   J - +0 robe "Xoh Pobb" {rF+ Str+5}
rPois    .         Reflect  .   b - +0 hat
rElec    .         Harm     .   v - +2 cloak
rCorr    .         Rampage  .   (gloves unavailable)
Will     .....                  (boots unavailable)
Stlth    ++........             B - amulet of the acrobat
HPRegen  0.65/turn              I - +6 ring of dexterity
MPRegen  0.11/turn              F - +4 ring of protection

@: mighty, corroded
A: large, unfitting armour, claws 3, regeneration 1, shaggy fur 1, tough skin 3
a: no special abilities


You were on level 8 of the Dungeon.
You visited 2 branches of the dungeon, and saw 9 of its levels.
You also visited: Sewer, Ossuary and Bailey.

You collected 889 gold pieces.

Inventory:

Hand Weapons
 p - a +3 flail of draining
 x - a +0 giant club
 E - the +1 flail of Destiny {flame, *Drain rC+ Int+3, unknown}
   (You found it on level 6 of the Dungeon)

   It has been specially enchanted to burn those struck by it, causing extra
   injury to most foes and up to half again as much damage against particularly
   susceptible opponents.
   It affects your intelligence (+3).
   It protects you from cold.
   It causes draining when unequipped.
 G - a +0 glaive
Missiles
 c - 3 throwing nets
 d - 13 poisoned darts
 s - 2 curare-tipped darts (quivered)
Armour
 b - a +0 hat (worn)
 v - a +2 cloak (worn)
 A - the +1 robe "Qoixzoo" {-Tele rElec rPois Str+3 SInv}
   (You found it in a bailey)

   It affects your strength (+3).
   It insulates you from electricity.
   It protects you from poison.
   It lets you see invisible.
   It prevents most forms of teleportation.
 D - a +2 robe of willpower
 J - the +0 robe "Xoh Pobb" (worn) {rF+ Str+5}
   (You found it on level 8 of the Dungeon)

   It affects your strength (+5).
   It protects you from fire.
Jewellery
 m - an uncursed ring of flight
 B - an amulet of the acrobat (around neck)
 C - an uncursed ring of see invisible
 F - a +4 ring of protection (right claw)
 I - a +6 ring of dexterity (left claw)
Wands
 a - a wand of enslavement (7)
 g - a wand of flame (23)
 h - a wand of random effects (27)
Scrolls
 j - a scroll of amnesia
 k - 5 scrolls of remove curse
 y - 2 scrolls of fog
 H - a scroll of magic mapping
 L - a scroll of identify
 M - a scroll of teleportation
Potions
 e - 5 potions of heal wounds
 f - 4 potions of might
 i - a potion of magic
 l - 7 potions of curing
 n - 2 potions of ambrosia
 o - a potion of flight {unknown}
 q - a potion of attraction
 r - a potion of haste {unknown}
 t - 4 potions of brilliance {unknown}
 u - a potion of cancellation {unknown}
 w - a potion of berserk rage {unknown}
 z - a potion of invisibility
Miscellaneous
 K - a lightning rod (4/4)


   Skills:
 + Level 3.2 Fighting
 + Level 2.0 Throwing
 + Level 6.9 Dodging
 + Level 1.5 Stealth
 + Level 11.3 Unarmed Combat
 * Level 2.9 Evocations


You had 9 spell levels left.
You didn't know any spells.
Your spell library contained the following spells:

 Spells                   Type           Power        Failure   Level
 Magic Dart               Conj           0%           43%         1
 Blink                    Tloc           N/A          56%         2
 Call Imp                 Summ           0%           56%         2
 Slow                     Hex            0%           56%         2
 Conjure Flame            Conj/Fire      0%           80%         3
 Mephitic Cloud           Conj/Pois/Air  0%           80%         3


Dungeon Overview and Level Annotations

Branches:
Dungeon (8/15)             Temple (1/1) D:5           Sewer (visited)
Ossuary (visited)          Bailey (visited)
   Lair: D:8-11

Altars:
Ashenzari
Cheibriados
Elyvilon
Fedhas
Gozag
Hepliaklqana
Kikubaaqudgha
Makhleb
Nemelex Xobeh
Okawaru
Qazlal
Ru
Sif Muna
Trog
Uskayaw
Vehumet
Wu Jian
Xom
Yredelemnul
Zin
The Shining One

Annotations:
D:6 2 runed translucent doors


Innate Abilities, Weirdness & Mutations

You are too large for most types of armour.
You have claws for hands.
Your natural rate of healing is unusually fast.
You are covered in fur. (AC +1)
You have extremely tough skin. (AC +3)


Message History

You are splashed with acid.
You claw the brown very ugly thing!
Your claw misses the brown very ugly thing.
The brown very ugly thing is moderately wounded.
The cyan ugly thing basks in the mutagenic energy from its kin and changes!
The brown very ugly thing engulfs you but does no damage.
The green ugly thing basks in the mutagenic energy from its kin and changes!
You feel very mighty all of a sudden. The brown very ugly thing engulfs you!
You are splashed with acid!
You claw the brown very ugly thing!
The brown very ugly thing is heavily wounded.
The green ugly thing looks more healthy.
The brown very ugly thing engulfs you.
You are splashed with acid!
* * * LOW HITPOINT WARNING * * *
You scratch the brown very ugly thing but do no damage.
The brown very ugly thing is heavily wounded.
The brown very ugly thing engulfs you!
* * * LOW HITPOINT WARNING * * *
The acid corrodes you!
You are splashed with acid!
You die...

######## .#....#.# #######
#.#.#.#.# #.....#
!#....'.## #.###.####
ยง..#..'uu#########.#
#.....
.#!...'uuu@..=.....###.....
#.#.#.#.##########.....##[.
.#....#.# #......)..
######## ##...###). ##..#
##. #..# #. #..# #. #..# ##
#..# #


You could see a brown very ugly thing (poisoned) and 4 ugly things.

Vanquished Creatures
  An orc knight (Bailey)
  A troll (D:6)
  Edmund (D:6)
  Duvessa (D:5)
  A sky beast (D:5)
  5 orc warriors
  A phantom (D:6)
  A black bear (D:7)
  2 centaurs (D:6)
  3 ogres
  4 big kobolds (Sewer)
  3 bullfrogs
  Dowan (D:5)
  A wyvern skeleton (D:6)
  3 centaur zombies
  2 jellies
  A centaur skeleton (D:7)
  4 orc priests (D:6)
  Crazy Yiuf (D:3)
  7 hounds
  8 orc wizards
  A human zombie (Ossuary)
  Jessica (D:6)
  6 worker ants
  A big kobold zombie (Ossuary)
  A hound skeleton (D:5)
  3 mummies
  5 gnolls
  2 howler monkey skeletons
  11 adders
  3 shadow imps
  A white imp (D:5)
  4 oozes
  An adder zombie (D:7)
  5 adder skeletons
  A worm (D:2)
  A dart slug (D:1)
  4 leopard geckos
  36 orcs
  5 ball pythons
  7 giant cockroaches
  3 gnoll zombies (Ossuary)
  8 goblins
  6 hobgoblins
  19 jackals
  13 kobolds
  4 quokkas
  6 bats
  9 frilled lizards
  4 goblin zombies (Ossuary)
  4 hobgoblin zombies
  A jackal skeleton (D:5)
  A leopard gecko skeleton (D:7)
  A leopard gecko zombie (D:5)
  3 orc zombies
  3 rats
236 creatures vanquished.

Vanquished Creatures (others)
  An orc knight (Bailey)
  3 fungi (D:5)
  2 plants
6 creatures vanquished.

Grand Total: 242 creatures vanquished

Notes
Turn   | Place    | Note
-------+----------+-------------------------------------------
     0 | D:1      | Eitelfritz the Troll Gladiator began the quest for the Orb.
     0 | D:1      | Reached XP level 1. HP: 19/19 MP: 0/0
   178 | D:1      | Reached XP level 2. HP: 25/27 MP: 1/1
   585 | D:2      | Reached XP level 3. HP: 28/35 MP: 2/2
   770 | D:2      | Reached XP level 4. HP: 42/42 MP: 3/3
   845 | D:2      | Reached skill level 4 in Unarmed Combat
  1092 | D:2      | Reached XP level 5. HP: 45/49 MP: 4/4
  1355 | D:3      | Found a runed translucent door.
  1356 | D:3      | Noticed Crazy Yiuf
  1441 | D:3      | Found a hide-covered altar of Uskayaw.
  1909 | D:3      | Killed Crazy Yiuf
  2071 | D:4      | Reached skill level 5 in Unarmed Combat
  2484 | D:4      | Noticed an ogre
  2489 | D:4      | Killed an ogre
  2490 | D:4      | Reached XP level 6. HP: 26/57 MP: 5/5
  2752 | D:5      | Entered Level 5 of the Dungeon
  2815 | D:5      | Noticed a sky beast
  2827 | D:5      | Killed a sky beast
  2995 | D:5      | Reached skill level 6 in Unarmed Combat
  3154 | D:5      | Reached XP level 7. HP: 60/65 MP: 6/6
  3259 | D:5      | Found an opulent altar of Gozag.
  3666 | D:5      | Found a staircase to the Ecumenical Temple.
  3688 | D:5      | Found a blossoming altar of Fedhas.
  3693 | D:5      | Found a stormy altar of Qazlal.
  3705 | D:5      | Noticed Duvessa
  3737 | Temple   | Entered the Ecumenical Temple
  3911 | D:5      | Killed Duvessa
  3933 | D:5      | Noticed Dowan
  3944 | D:5      | Killed Dowan
  4059 | D:6      | Reached skill level 7 in Unarmed Combat
  4079 | D:6      | Found a glowing drain.
  4110 | Sewer    | Entered a sewer
  4314 | Sewer    | Reached skill level 5 in Dodging
  4314 | Sewer    | Reached XP level 8. HP: 56/74 MP: 7/7
  4739 | D:6      | Reached skill level 8 in Unarmed Combat
  4774 | D:6      | Noticed Jessica
  4784 | D:6      | Found a shimmering blue altar of Sif Muna.
  4795 | D:6      | Killed Jessica
  4947 | D:6      | Reached skill level 1 in Stealth
  4991 | D:6      | Got an encrusted flail
  5080 | D:6      | Found a large runed translucent door.
  5080 | D:6      | Found a large runed translucent door.
  5127 | D:6      | Found a large runed translucent door.
  5127 | D:6      | Found a large runed translucent door.
  5195 | D:6      | Noticed Edmund
  5202 | D:6      | Killed Edmund
  5203 | D:6      | Reached skill level 9 in Unarmed Combat
  5263 | D:6      | Noticed a troll
  5274 | D:6      | Killed a troll
  5275 | D:6      | Reached XP level 9. HP: 72/80 MP: 8/8
  5679 | D:7      | Reached skill level 10 in Unarmed Combat
  5695 | D:7      | Found a flagged portal.
  5739 | Bailey   | Entered a bailey
  5850 | Bailey   | Noticed an orc knight
  5961 | Bailey   | Noticed an orc knight
  5976 | Bailey   | Killed an orc knight
  5977 | Bailey   | Reached skill level 1 in Evocations
  6553 | Bailey   | Got a twisted robe
  6568 | Bailey   | Identified the +1 robe "Qoixzoo" {-Tele rElec rPois Str+3
                  | SInv} (You found it in a bailey)
  7008 | D:8      | Got a fine robe
  7026 | D:8      | Found a burning altar of Makhleb.
  7042 | D:8      | Found a glowing golden altar of the Shining One.
  7110 | D:8      | Found a sand-covered staircase.
  7115 | Ossuary  | Entered an ossuary
  7340 | D:8      | Reached skill level 11 in Unarmed Combat
  7341 | D:8      | Reached XP level 10. HP: 76/91 MP: 9/9
  7444 | D:8      | Found a sparkling altar of Nemelex Xobeh.
  7446 | D:8      | Found a broken altar of Ashenzari.
  7459 | D:8      | Found an ornate altar of the Wu Jian Council.
  7536 | D:8      | Found a runed translucent gate.
  7536 | D:8      | Found a runed translucent gate.
  7537 | D:8      | Noticed a white ugly thing
  7538 | D:8      | Found a runed translucent gate.
  7539 | D:8      | Noticed a brown ugly thing
  7540 | D:8      | Noticed a brown very ugly thing
  7540 | D:8      | Noticed a cyan ugly thing
  7541 | D:8      | Noticed a green ugly thing
  7640 | D:8      | Found a sacrificial altar of Ru.
  7777 | D:8      | Found an ancient bone altar of Kikubaaqudgha.
  7967 | D:8      | Identified the +0 robe "Xoh Pobb" {rF+ Str+5} (You found it
                  | on level 8 of the Dungeon)
  8010 | D:8      | Splashed by a brown very ugly thing's acid

Illustrated notes

Levels and vault maps discovered:
D:1:      grunt_arrival_crossed_arrows, layout_loops_cross,
          kennysheep_decorative_pillar
D:2:      layout_basic
D:3:      layout_rooms, eat_drink_and_be_merry_uskayaw, uniq_crazy_yiuf_cottage
D:4:      layout_loops_ring, serial_bayou_pond_a
D:5:      layout_gridville, grunt_temple_overflow_forces_of_nature,
          kennysheep_mini, lemuel_temple_firewalk_b, grunt_decor_resistance,
          uniq_duvessa
D:6:      layout_basic, tgw_sif, gup_sewer_entry_glass,
          minmay_hollow_rounded_squares, uniq_edmund
D:7:      layout_basic, enter_bailey_5
D:8:      layout_loops_ring, lemuel_coloured_pillars_altar,
          kennysheep_mini_moat, nicolae_ru_great_annihilating_truth,
          grunt_temple_overflow_open, tso_oasis_becter,
          nicolae_ossuary_entry_giza,
          ploomutoo_gammafunk_ghost_potion_laboratory
Temple:   nicolae_temple_figure_zero

Skill      XL: |  1  2  3  4  5  6  7  8  9 |
---------------+----------------------------+-----
Dodging        | 3 4 5 6 |  6.9
Unarmed Combat | 4 5 6 7 9 11 | 11.3
Fighting       | 2 3 |  3.2
Stealth        | 1 |  1.5
Throwing       | 2 |  2.0
Evocations     | 2 |  2.9

Action                   |  1- 3 |  4- 6 |  7- 9 | 10-12 || total
-------------------------+-------+-------+-------+-------++-------
Melee: Unarmed           |   104 |   137 |   423 |    42 ||   706
       Punch             |     2 |     3 |    20 |     1 ||    26
       Halberd           |       |       |     2 |       ||     2
Throw: Dart              |       |       |     1 |       ||     1
 Abil: Evoke Flight      |       |       |     6 |       ||     6
       Stop Flying       |       |       |     1 |       ||     1
Evoke: Wand              |       |       |     3 |       ||     3
  Use: Scroll            |       |       |    18 |     2 ||    20
       Potion            |       |       |     1 |     1 ||     2
 Stab: Sleeping          |     1 |       |     1 |     1 ||     3
       Paralysed         |       |       |       |     1 ||     1
Armor: Robe              |    59 |    33 |   178 |    15 ||   285
Dodge: Dodged            |    66 |    78 |   418 |    38 ||   600
